 Dungeon Crawl Stone Soup version 0.26-a0-646-g5d77183 (webtiles) character file.

Game seed: 3675210365353744645

312 Golfball the Ruffian (level 6, -4/57 HPs)
             Began as a Ghoul Monk on Sept 24, 2020.
             Was a Believer of Okawaru.
             Slain by a wight
             ... wielding a cursed +3 dagger
              (8 damage)
             ... on level 5 of the Dungeon.
             The game lasted 00:06:32 (2439 turns).

Golfball the Ruffian (Ghoul Monk)                   Turns: 2439, Time: 00:06:32

Health: -4/57      AC:  3    Str: 16    XL:     6   Next: 42%
Magic:  5/5        EV: 12    Int:  5    God:    Okawaru [**....]
Gold:   74         SH:  0    Dex: 12    Spells: 5/5 levels left

rFire    . . .     SeeInvis .     - Unarmed
rCold    + . .     Faith    .   (no shield)
rNeg     + + +     Spirit   .   d - +0 leather armour
rPois    ∞         Reflect  .   (no helmet)
rElec    .         Harm     .   (no cloak)
rCorr    .         Rampage  .   (no gloves)
MR       .....                  (no boots)
Stlth    +.........             (no amulet)
HPRegen  0.00/turn              o - ring of attention (curse)
MPRegen  0.09/turn              (no ring)

@: no status effects
A: rotting body, claws 1, cold resistance 1, negative energy resistance 3,
inhibited regeneration, torment resistance, unbreathing
a: Heroism, Renounce Religion


You were on level 5 of the Dungeon.
You worshipped Okawaru.
Okawaru was pleased with you.
You visited 1 branch of the dungeon, and saw 4 of its levels.

You collected 74 gold pieces.

Inventory:

Hand Weapons
 h - a +0 hunting sling
 m - a +0 flail
Missiles
 c - 93 stones (quivered)
 g - 2 boomerangs
 j - 14 poisoned darts
 k - 17 sling bullets
Armour
 a - a +0 robe
 d - a +0 leather armour (worn)
Jewellery
 o - a cursed ring of attention (left claw)
Scrolls
 e - 2 scrolls of remove curse
 f - 2 scrolls of amnesia
 i - a scroll of fear
 l - a scroll of teleportation
 n - a scroll of enchant weapon
Potions
 b - a potion of ambrosia


   Skills:
 + Level 5.9 Fighting
 - Level 2.6 Dodging
 - Level 2.1 Stealth
 + Level 5.9 Unarmed Combat


You had 5 spell levels left.
You didn't know any spells.
Your spell library was empty.

Dungeon Overview and Level Annotations

Branches:
Dungeon (3/15)

Altars:
Dithmenos
Elyvilon
Gozag
Hepliaklqana
Okawaru
Zin


Innate Abilities, Weirdness & Mutations

Your body is rotting away.
You thrive by killing the living.
You are immune to poison.
You have sharp fingernails.
Your flesh is cold resistant. (rC+)
You are immune to negative energy. (rN+++)
You do not regenerate when monsters are visible.
You are immune to unholy pain and torment.
You can survive without breathing.


Message History

Okawaru accepts your kill.
A wight comes into view.
It is wielding a +5 long sword of freezing.
You barely miss the wight.
The wight hits you with a cursed +3 dagger.
You closely miss the wight.
The wight hits you with a cursed +3 dagger.
You closely miss the wight. You scratch the wight but do no damage.
The wight hits you with a cursed +3 dagger.
The wight closely misses you.
You closely miss the wight.
The wight hits you with a cursed +3 dagger.
* * * LOW HITPOINT WARNING * * *
The wight hits you with a +5 long sword of freezing!
* * * LOW HITPOINT WARNING * * *
The wight freezes you.
* * * LOW HITPOINT WARNING * * *
You barely miss the wight.
The wight hits you with a cursed +3 dagger!
You die...

( #...# #.#.=#
..# #.z# #....#
..
#..#####..####.
#.#..##..........
#...)..z....#
###...####..#
.........# #..##
.....(...# #z##
.........# #@#
####.....#.z.#
#.###...###
#....... ..#####.


You could see 2 wights.

Vanquished Creatures
  Sigmund (D:3)
  A wight (D:5)
  A worker ant (D:2)
  4 gnolls (D:2)
  An ooze (D:1)
  4 dart slugs
  A worm (D:2)
  A leopard gecko (D:2)
  2 ball pythons
  6 bats
  3 giant cockroaches
  4 hobgoblins
  5 jackals
  7 kobolds
  A quokka (D:2)
  8 frilled lizards
  6 goblins
  5 rats
61 creatures vanquished.

Notes
Turn   | Place    | Note
-------+----------+-------------------------------------------
     0 | D:1      | Golfball the Ghoul Monk began the quest for the Orb.
     0 | D:1      | Reached XP level 1. HP: 19/19 MP: 0/0
    71 | D:1      | Reached XP level 2. HP: 13/26 MP: 1/1
   666 | D:1      | Reached XP level 3. HP: 30/33 MP: 2/2
  1228 | D:2      | Found a faded altar of an unknown god.
  1240 | D:2      | Reached XP level 4. HP: 32/41 MP: 3/3
  1728 | D:2      | Reached XP level 5. HP: 47/47 MP: 4/4
  1835 | D:2      | Found a white marble altar of Elyvilon.
  1839 | D:2      | Found a glowing silver altar of Zin.
  1841 | D:2      | Found a shadowy altar of Dithmenos.
  1841 | D:2      | Found an opulent altar of Gozag.
  1841 | D:2      | Found an iron altar of Okawaru.
  1841 | D:2      | Found a hazy altar of Hepliaklqana.
  1853 | D:2      | Became a worshipper of Warmaster Okawaru
  1853 | D:2      | Reached * piety under Okawaru
  1853 | D:2      | Reached ** piety under Okawaru
  2090 | D:3      | Reached skill level 5 in Unarmed Combat
  2124 | D:3      | Noticed Sigmund
  2133 | D:3      | Killed Sigmund
  2133 | D:3      | Reached skill level 5 in Fighting
  2133 | D:3      | Reached XP level 6. HP: 32/57 MP: 2/5
  2404 | D:3      | You fall into a shaft and drop 2 floors!
  2404 | D:5      | Entered Level 5 of the Dungeon
  2439 | D:5      | Slain by a wight

Illustrated notes

Levels and vault maps discovered:
D:1:      onia_arrival_handbag, layout_basic
D:2:      layout_basic, minitemple, chequers_ecumenical_altar_simple,
          nicolae_underground_beach
D:3:      layout_loops_ring, marbit_many_paths, cheibrodos_sewer_entry_drain,
          fedhas_altar_1, uniq_sigmund, uniq_robin
D:5:      layout_rooms, nicolae_overflow_hidden_temple,
          nemelex_xobeh_ov_fountains_minmay, serial_shops, kennysheep_mini_moat,
          kennysheep_nondescript

Skill      XL: |  1  2  3  4  5 |
---------------+----------------+-----
Fighting       | 4 5 |  5.9
Unarmed Combat | 4 5 |  5.9
Dodging        | |  2.6
Stealth        | |  2.1

Action                   |  1- 3 |  4- 6 || total
-------------------------+-------+-------++-------
Melee: Unarmed           |    82 |    99 ||   181
       Punch             |     1 |     2 ||     3
Invok: Heroism           |       |     1 ||     1
  Use: Scroll            |       |     8 ||     8
 Stab: Sleeping          |     2 |       ||     2
Armor: Leather armour    |     8 |    13 ||    21
       Robe              |     1 |       ||     1
Dodge: Dodged            |    44 |    60 ||   104

Table legend: (Time is in decaauts)
 A = Elapsed time spent in this place.
 B = Non-inter-level travel time spent in this place.
 C = Inter-level travel time spent in this place.
 D = Time resting spent in this place.
 E = Time spent auto-exploring this place.
 F = Levels seen in this place.
 G = Mean time per level.
                   A        B        C        D        E       F      G
               +--------+--------+--------+--------+--------+-----+--------+
         Total |   2423 |   2389 |     34 |    777 |   1063 |   4 |  605.8 |
       Dungeon |   2423 |   2389 |     34 |    777 |   1063 |   4 |  605.8 |
               +--------+--------+--------+--------+--------+-----+--------+

Top non-repeatable levels by time:
     D:1: 1219 daAuts
     D:2: 865 daAuts
     D:3: 304 daAuts
     D:5: 33 daAuts
